 Dungeon Crawl Stone Soup version 0.21.1-1-g345015f (webtiles) character file.

7 Flooderbenga the Grave Robber (level 2, -1/19 HPs)
             Began as a Gnoll Necromancer on Apr 6, 2018.
             Slain by a jackal (3 damage)
             ... on level 2 of the Dungeon.
             The game lasted 00:02:16 (57 turns).

Flooderbenga the Grave Robber (Gnoll Necromancer)     Turns: 57, Time: 00:02:18

Health: -1/19      AC:  2    Str: 10    XL:     2   Next: 0%
Magic:  1/7        EV: 14    Int: 17    God:
Gold:   0          SH:  0    Dex: 15    Spells: 8/10 levels left

rFire    . . .     SeeInvis .   (no weapon)
rCold    . . .     Gourm    .   (no shield)
rNeg     . . .     Faith    .   a - +0 robe
rPois    .         Spirit   .   (no helmet)
rElec    .         Reflect  .   (no cloak)
rCorr    .         Harm     .   (no gloves)
MR       .....                  (no boots)
Stlth    +++.......             (no amulet)
HPRegen  0.06/turn              (no ring)
MPRegen  0.10/turn              (no ring)

@: no status effects
A: distributed training, fangs 1, strong nose
a: no special abilities


You were on level 2 of the Dungeon.
You were not hungry.

You visited 1 branch of the dungeon, and saw 2 of its levels.

Inventory:

Armour
 a - a +0 robe (worn)
Books
 b - a book of Necromancy

   Spells                             Type                      Level
   a - Pain                           Necromancy                   1
   b - Animate Skeleton               Necromancy                   1
   c - Vampiric Draining              Necromancy                   3
   d - Regeneration                   Charms/Necromancy            3
   e - Animate Dead                   Necromancy                   4
   f - Borgnjor's Vile Clutch         Necromancy/Earth             5
Comestibles
 c - a ration


   Skills:
 + Level 0.2 Fighting
 + Level 0.2 Short Blades
 + Level 0.2 Long Blades
 + Level 0.2 Axes
 + Level 0.2 Maces & Flails
 + Level 0.2 Polearms
 + Level 0.2 Staves
 + Level 0.2 Slings
 + Level 0.2 Bows
 + Level 0.2 Crossbows
 + Level 0.2 Throwing
 + Level 0.2 Armour
 + Level 4.4 Dodging
 + Level 4.0 Stealth
 + Level 0.2 Shields
 + Level 0.2 Unarmed Combat
 + Level 4.9 Spellcasting
 + Level 0.1 Conjurations
 + Level 0.1 Hexes
 + Level 0.1 Charms
 + Level 0.1 Summonings
 + Level 7.0 Necromancy
 + Level 0.1 Translocations
 + Level 0.1 Transmutations
 + Level 0.1 Fire Magic
 + Level 0.1 Ice Magic
 + Level 0.1 Air Magic
 + Level 0.1 Earth Magic
 + Level 0.1 Poison Magic
 + Level 0.3 Invocations
 + Level 0.2 Evocations


You had 8 spell levels left.
You knew the following spells:

 Your Spells              Type           Power        Failure   Level  Hunger
a - Pain                  Necr           ####         1%          1    None
b - Animate Skeleton      Necr           N/A          1%          1    None


Dungeon Overview and Level Annotations

Branches:
Dungeon (2/15)

Altars:


Innate Abilities, Weirdness & Mutations

Your experience applies equally to all skills.
You have very sharp teeth.
Your uncanny sense of smell can sniff out nearby items.


Message History

The jackal bites you but does no damage.
You take 1 damage, and have 7/19 hp.
You now have 0/7 mp.
You hit the jackal but do no damage. The jackal barely misses you.
You hit the jackal but do no damage. The jackal closely misses you.
You hit the jackal. The jackal barely misses you. The jackal bites you.
You take 1 damage, and have 6/19 hp.
You hit the jackal. The jackal closely misses you.
You closely miss the jackal. The jackal bites you.
* * * LOW HITPOINT WARNING * * *
The jackal bites you.
* * * LOW HITPOINT WARNING * * *
You take 4 damage, and have 3/19 hp.
MASSIVE DAMAGE!!
You closely miss the jackal. Your bite misses the jackal. The jackal bites you.
* * * LOW HITPOINT WARNING * * *
You take 1 damage, and have 2/19 hp.
You hit the jackal but do no damage. You bite the jackal, but do no damage.
The jackal barely misses you.
You hit the jackal but do no damage. The jackal barely misses you.
The jackal bites you.
You die...

... ... ..
∆ .. ∆ .
.# ... .#
.....###r#
#..h@.#
#######


You could see a quokka and a jackal.

Vanquished Creatures
  A hobgoblin (D:1)
  4 jackals (D:1)
5 creatures vanquished.

Notes
Turn   | Place    | Note
-------+----------+-------------------------------------------
     0 | D:1      | Flooderbenga the Gnoll Necromancer began the quest for the Orb.
     0 | D:1      | Reached XP level 1. HP: 13/13 MP: 6/6
    24 | D:1      | Learned a level 1 spell: Animate Skeleton
    35 | D:1      | Reached XP level 2. HP: 7/19 MP: 0/7
    57 | D:2      | Slain by a jackal

Action                   || total
-------------------------++-------
Melee: Unarmed           ||     9
       Bite              ||     2
 Cast: Pain              ||     9
Armor: Robe              ||     2
Dodge: Dodged            ||    13
